 Dungeon Crawl Stone Soup version 0.28-a0-422-gd71735cc25 (webtiles) character file.

Game seed: 3397619532084431328

601 mordus the Magician (level 7, -12/45 HPs)
             Began as a Djinni Conjurer on July 19, 2021.
             Mangled by Duvessa (15 damage)
             ... on level 5 of the Dungeon on Sept 8, 2021.
             The game lasted 00:25:53 (5532 turns).

mordus the Magician (Djinni Conjurer)               Turns: 5532, Time: 00:25:54

Health: -12/45     AC:  6    Str:  6    XL:     7   Next: 69%
Gold:   191        EV: 13    Int: 22    God:
                   SH:  0    Dex: 11

rFire   + + .      SeeInvis .   c - +0 dagger
rCold   x . .      Faith    .   (no shield)
rNeg    + . .      Spirit   .   q - +2 robe {rN+}
rPois   ∞          Reflect  .   (no helmet)
rElec   .          Harm     .   n - +0 cloak
rCorr   .          Rampage  .   k - +0 pair of gloves
Will    .....                   (boots unavailable)
Stlth   ++........              j - amulet of the acrobat
HPRegen 0.15/turn               (no ring)
MPRegen 0.00/turn               (no ring)

@: flying, very slightly contaminated
A: sickness immunity, fire resistance 2, cold vulnerability 1, float, innate
caster, hp casting, extra vitality 1
a: no special abilities


You were on level 5 of the Dungeon.
You visited 1 branch of the dungeon, and saw 5 of its levels.

You collected 191 gold pieces.

Inventory:

Hand Weapons
 c - a +0 dagger (weapon)
Missiles
 l - 44 stones
Armour
 k - a +0 pair of gloves (worn)
 n - a +0 cloak (worn)
 q - a +2 robe of positive energy (worn)
Jewellery
 j - an amulet of the acrobat (around neck)
Scrolls
 b - a scroll of immolation {unknown}
 d - a scroll of fog {unknown}
 g - 2 scrolls of teleportation {unknown}
 h - 2 scrolls of magic mapping {unknown}
 i - a scroll of vulnerability {unknown}
 m - a scroll of silence {unknown}
 o - 2 scrolls of identify {unknown}
Potions
 e - a potion of heal wounds {unknown}
 f - a potion of experience {unknown}
 p - a potion of invisibility {unknown}


   Skills:
 + Level 5.3 Dodging
 - Level 1.5 Stealth
 * Level 5.9 Spellcasting


You couldn't memorise any spells.
You knew the following spells:

 Your Spells              Type           Power      Damage    Failure   Level
a - Magic Dart            Conj           100%       1d8       1%          1
b - Searing Ray           Conj           64%        2d6       1%          2
c - Dazzling Flash        Conj/Hex       64%        N/A       2%          3
d - Fulminant Prism       Conj/Hex       16%        3d11      9%          4
e - Iskenderun's Mystic   Conj/Tloc      32%        2d8       9%          4
f - Animate Skeleton      Necr           64%        N/A       1%          1
g - Ensorcelled Hibernat  Hex/Ice        64%        N/A       1%          2
h - Vampiric Draining     Necr           16%        2d8       2%          3
Your spell library was empty.

Dungeon Overview and Level Annotations

Branches:
Dungeon (5/15)
 Temple: D:4-7

Altars:
Elyvilon
Okawaru
Qazlal
Vehumet
Wu Jian
Xom
Zin
The Shining One

Annotations:
D:4 3 runed translucent doors, Gmanzz2004's ghost, weakling HuDe
D:5 Duvessa


Innate Abilities, Weirdness & Mutations

You are immune to sickness and miasma.
You are immune to poison.
Your flesh is very heat resistant. (rF++)
You are vulnerable to cold. (rC-)
You float through the air rather than walking.
You learn spells naturally, not from books.
Your magical power is your life essence.
You have superior vitality. (+4 HP)


Message History

Casting: Searing Ray (safe; 1% risk of failure)
Confirm with . or Enter, or press ? or * to list all spells.
The spell is quite dangerous to cast (9% risk of failure)!
Continue anyway?
You erupt in a blast of force!
The mystic blast hits Duvessa!
Duvessa is lightly wounded.
Duvessa is knocked back by the mystic blast.
Casting: Iskenderun's Mystic Blast (quite dangerous; 9% risk of failure)
Confirm with . or Enter, or press ? or * to list all spells.
The spell is quite dangerous to cast (9% risk of failure)!
Continue anyway?
Uppercase [Y]es or [N]o only, please.
The spell is quite dangerous to cast (9% risk of failure)!
Continue anyway?
Aiming: Fulminant Prism (quite dangerous; 9% risk of failure)
Press: ? - help, Dir - move target You conjure a prism of explosive energy!
A fulminant prism comes into view.
Your fulminant prism crackles loudly.
Casting: Fulminant Prism (quite dangerous; 9% risk of failure)
Confirm with . or Enter, or press ? or * to list all spells.
The spell is quite dangerous to cast (9% risk of failure)!
Continue anyway?
You erupt in a blast of force!
The mystic blast hits Duvessa but does no damage.
Duvessa is lightly wounded.
Duvessa hits you with a +0 rapier! x2
* * * LOW HITPOINT WARNING * * *
Your fulminant prism explodes!
The blast of energy engulfs Duvessa.
Duvessa is moderately wounded.
Casting: Iskenderun's Mystic Blast (quite dangerous; 9% risk of failure)
Confirm with . or Enter, or press ? or * to list all spells.
You don't know that spell.
Duvessa is nearby!
Casting: Iskenderun's Mystic Blast (quite dangerous; 9% risk of failure)
Confirm with . or Enter, or press ? or * to list all spells.
The spell is quite dangerous to cast (9% risk of failure)!
Continue anyway?
You miscast Iskenderun's Mystic Blast.
You are very lightly contaminated with residual magic.
A wave of violent energy washes through your body.
* * * LOW HITPOINT WARNING * * *
x2 Duvessa hits you with a +0 rapier!
You die...

#....'...+..#.#....... e.
#....#...####.#....... ..
#....#...# #.####.... ..
#....#...# .. #.... #e
###'##...# #####+#.... #.
#.##...# #[......... #.
#.##...###..........
#.####+##...##..........)
#.......@e.....#......)<#
#####..........#.....>..#
#.....^....#:.....>.#
#..........#........#
############........#
#........# #........#
#...<....# ##########


You could see Duvessa (berserk).

Vanquished Creatures
  An ice beast (D:4)
  A black bear (D:5)
  An ogre (D:5)
  Dowan (D:5)
  A water moccasin skeleton (D:4)
  An orc priest (D:4)
  A centaur skeleton (D:4)
  An orc wizard (D:4)
  3 gnolls (D:4)
  5 adders
  An adder skeleton (D:4)
  5 orcs
  6 bats
  5 endoplasms
  2 giant cockroaches
  9 goblins
  6 hobgoblins
  6 jackals
  4 quokkas
  2 ball pythons
  7 frilled lizards
  10 kobolds
  7 rats
86 creatures vanquished.

Vanquished Creatures (others)
  4 fulminant prisms (D:5)
4 creatures vanquished.

Grand Total: 90 creatures vanquished

Notes
Turn   | Place    | Note
-------+----------+-------------------------------------------
     0 | D:1      | mordus the Djinni Conjurer began the quest for the Orb.
     0 | D:1      | Reached XP level 1. HP: 15/15 MP: 0/0
   202 | D:1      | Reached XP level 2. HP: 19/21 MP: 0/0
   607 | D:1      | Reached XP level 3. HP: 23/25 MP: 0/0
   607 | D:1      | Learned a level 1 spell: Animate Skeleton
  1474 | D:2      | Reached XP level 4. HP: 28/31 MP: 0/0
  1700 | D:2      | Found a faded altar of an unknown god.
  1946 | D:3      | Found a shimmering altar of Xom.
  2268 | D:3      | Found a stormy altar of Qazlal.
  2441 | D:3      | Upgraded the game from 0.27-a0-1591-gc56fcc985a to
                  | 0.28-a0-233-gb8ca4b6547
  2616 | D:3      | Upgraded the game from 0.28-a0-233-gb8ca4b6547 to
                  | 0.28-a0-413-gde365fb1df
  2792 | D:4      | Found a white marble altar of Elyvilon.
  2803 | D:4      | Reached XP level 5. HP: 13/35 MP: 0/0
  2803 | D:4      | Learned a level 2 spell: Ensorcelled Hibernation
  3396 | D:4      | Reached XP level 6. HP: 27/40 MP: 0/0
  3397 | D:4      | Found a glowing golden altar of the Shining One.
  3523 | D:4      | Found a runed translucent gate.
  3524 | D:4      | Found a runed translucent gate.
  3525 | D:4      | Found a runed translucent gate.
  3527 | D:4      | Noticed Gmanzz2004's ghost (weakling HuDe)
  3726 | D:4      | HP: 2/40 [scorpion[a goblin] (5)]
  4021 | D:4      | Upgraded the game from 0.28-a0-413-gde365fb1df to
                  | 0.28-a0-422-gd71735cc25
  4088 | D:4      | Reached skill level 5 in Spellcasting
  4186 | D:4      | Found an ornate altar of the Wu Jian Council.
  4234 | D:4      | Found a glowing silver altar of Zin.
  4453 | D:4      | Found an iron altar of Okawaru.
  4602 | D:5      | Entered Level 5 of the Dungeon
  4602 | D:5      | Noticed an ogre
  4602 | D:5      | Noticed an ice beast
  4608 | D:5      | Killed an ogre
  4609 | D:5      | Reached XP level 7. HP: 41/45 MP: 0/0
  4609 | D:5      | Learned a level 3 spell: Vampiric Draining
  4916 | D:5      | Reached skill level 5 in Dodging
  5122 | D:5      | Noticed Duvessa
  5122 | D:5      | Noticed Dowan
  5369 | D:5      | Killed Dowan
  5532 | D:5      | Mangled by Duvessa

Illustrated notes

Levels and vault maps discovered:
D:1:      dpeg_arrival_tiny_c, layout_rooms
D:2:      layout_basic, shapermc_ecumenical_altar_ellora, grunt_decor_fettered,
          minmay_misc_feat_more_columns
D:3:      layout_loops_cross, mainiacjoe_overflow_surrounded_room,
          nicolae_overflow_crystal_walls, overflow_temple_1_default
D:4:      layout_basic, nicolae_wu_jian_wuxing_cycle,
          mainiacjoe_overflow_chevrons, mainiacjoe_overflow_alcove_1,
          okawaru_altar_gauntlet_db, mainiacjoe_overflow_24_doors,
          gammafunk_ghost_necromancy
D:5:      layout_basic, gup_sewer_entry_spiral, grunt_ministairs_10,
          minivault_26, uniq_blork_the_orc, uniq_duvessa

Skill      XL: |  1  2  3  4  5  6  7 |
---------------+----------------------+-----
Dodging        | 3 4 5 |  5.3
Spellcasting   | 4 5 |  5.9
Stealth        | |  1.5

Action                   |  1- 3 |  4- 6 |  7- 9 || total
-------------------------+-------+-------+-------++-------
Melee: Dagger            |       |     9 |       ||     9
 Cast: Magic Dart        |    60 |    38 |     2 ||   100
       Searing Ray       |     1 |    21 |     7 ||    29
       Fulminant Prism   |       |       |     4 ||     4
       Iskenderun's Myst |       |       |     3 ||     3
 Stab: Sleeping          |       |     1 |       ||     1
Armor: Robe              |     2 |     6 |     1 ||     9
Dodge: Dodged            |     2 |    48 |    13 ||    63

Table legend: (Time is in decaauts)
 A = Elapsed time spent in this place.
 B = Non-inter-level travel time spent in this place.
 C = Inter-level travel time spent in this place.
 D = Time resting spent in this place.
 E = Time spent auto-exploring this place.
 F = Levels seen in this place.
 G = Mean time per level.
                   A        B        C        D        E       F      G
               +--------+--------+--------+--------+--------+-----+--------+
         Total |   5534 |   5462 |     72 |   1457 |   3302 |   5 | 1106.8 |
       Dungeon |   5534 |   5462 |     72 |   1457 |   3302 |   5 | 1106.8 |
               +--------+--------+--------+--------+--------+-----+--------+

Top non-repeatable levels by time:
     D:4: 2463 daAuts
     D:2: 987 daAuts
     D:1: 924 daAuts
     D:3: 869 daAuts
     D:5: 288 daAuts
